 Dungeon Crawl Stone Soup version 0.21.0-22-g11d5b52 (webtiles) character file.

3 Monsterracer the Skirmisher (level 1, 0/18 HPs)
             Began as a Mummy Berserker on Jan 18, 2018.
             Was a Follower of Trog.
             Slain by a kobold
             ... wielding a +0 dagger
              (3 damage)
             ... on level 1 of the Dungeon.
             The game lasted 00:00:12 (112 turns).

Monsterracer the Skirmisher (Mummy Berserker)        Turns: 112, Time: 00:00:12

Health: 0/18       AC:  2    Str: 20    XL:     1   Next: 41%
Magic:  1/1        EV: 12    Int:  6    God:    Trog [*.....]
Gold:   13         SH:  0    Dex: 11    Spells: 0/0 levels left

rFire    x . .     SeeInvis .   a - +0 hand axe
rCold    + . .     Gourm    .   (no shield)
rNeg     + + +     Faith    .   b - +0 animal skin
rPois    ∞         Spirit   .   (no helmet)
rElec    .         Reflect  .   (no cloak)
rCorr    .         Harm     .   (no gloves)
MR       .....                  (no boots)
Stlth    +.........             (no amulet)
HPRegen  0.06/turn              (no ring)
MPRegen  0.07/turn              (no ring)

@: no status effects
A: no food or potions, fire vulnerability, cold resistance 1, negative energy
resistance 3, torment resistance, unbreathing
a: Burn Spellbooks, Renounce Religion


You were on level 1 of the Dungeon.
You worshipped Trog.
Trog was aware of your devotion.
You were not hungry.

You visited 1 branch of the dungeon, and saw 1 of its levels.

You collected 13 gold pieces.

Inventory:

Hand Weapons
 a - a +0 hand axe (weapon)
Armour
 b - a +0 animal skin (worn)
Scrolls
 c - 2 scrolls of identify {unknown}


   Skills:
 + Level 3.0 Fighting
 * Level 2.5 Axes
 + Level 1.6 Armour
 + Level 1.6 Dodging


You couldn't memorise any spells.
You didn't know any spells.

Dungeon Overview and Level Annotations

Branches:
Dungeon (1/15)

Altars:


Innate Abilities, Weirdness & Mutations

You do not eat or drink.
Your flesh is vulnerable to fire.
You are immune to poison.
Your flesh is cold resistant. (rC+)
You are immune to negative energy. (rN+++)
You are immune to unholy pain and torment.
You can survive without breathing.


Message History

Welcome, Monsterracer the Mummy Berserker.
Will you prevail where others failed? Will you find the Orb of Zot?
Trog says: Kill them all!
Press ? for a list of commands and other information.
Found a staircase leading out of the dungeon.
A goblin comes into view.
The goblin shouts!
You hear a shout!
Found 11 poisoned needles.
A goblin is nearby!
A goblin is nearby!
A kobold comes into view. It is wielding a short sword.
The kobold shouts!
The goblin hits you but does no damage.
You completely miss the goblin. The goblin hits you but does no damage.
You barely miss the kobold. You closely miss the goblin. The goblin misses you.
The kobold hits you but does no damage.
You barely miss the kobold. You hit the goblin.
You kill the goblin!
Trog accepts your kill. The kobold barely misses you.
You slash the kobold!
You kill the kobold!
Trog accepts your kill.
No target in view!
No target in view!
No target in view!
Things that are here:
a short sword; a stone
c - a scroll labeled EXYV SEJA KOHA A goblin comes into view.
It is wielding a club.
The goblin shouts!
The goblin closely misses you.
A goblin is nearby!
You closely miss the goblin. The goblin closely misses you.
You barely miss the goblin. The goblin barely misses you.
You closely miss the goblin. The goblin hits you but does no damage.
The goblin hits you with a club.
You take 4 damage, and have 14/18 hp.
MASSIVE DAMAGE!!
A goblin is nearby!
You hit the goblin.
You kill the goblin!
Trog accepts your kill.
No target in view!
HP restored.
You see here a club.
Found a stone staircase leading down.
Health restored: 18 No target in view!
No target in view!
You now have 13 gold pieces.
There is a stone staircase leading down here.
c - 2 scrolls labeled EXYV SEJA KOHA (gained 1)
A kobold comes into view. It is wielding a dagger.
The kobold shouts!
You hear a shout!
The kobold moves out of view.
A hobgoblin comes into view.
The hobgoblin shouts!
Found an embroidered scarf and a fizzy amethyst potion.
The kobold hits you with a dagger.
You take 2 damage, and have 16/18 hp.
There are monsters nearby!
You hit the kobold but do no damage. The kobold hits you but does no damage.
You barely miss the hobgoblin. You closely miss the kobold.
The hobgoblin barely misses you. The kobold barely misses you.
The hobgoblin hits you.
You take 3 damage, and have 13/18 hp.
You are too injured to fight recklessly!
You are too injured to fight recklessly!
You are too injured to fight recklessly!
You hit the hobgoblin.
The hobgoblin is severely wounded.
You barely miss the kobold. The kobold hits you with a dagger.
The hobgoblin barely misses you. The kobold hits you with a dagger.
* * * LOW HITPOINT WARNING * * *
You take 5 damage, and have 8/18 hp.
MASSIVE DAMAGE!!
You hit the hobgoblin.
The hobgoblin is almost dead.
You hit the kobold. The hobgoblin hits you.
* * * LOW HITPOINT WARNING * * *
The kobold hits you with a dagger.
You die...

#....# #....# ....... #
.#(# .. ...!... ###..#
#. #. .......
.....#####. #. .......
..##.....#..#.###.......
.#.....# #..#.#.........
...#.#.# #....#.gK..[...
...#.#.#.##...#.@.......
...#.#.#.......##.......
#..#.#.####.##.# #######
#....#)# #.....#
..####.# #.....#
.#.....###.....#
.#.........>#..#
#....#####.#.## ......#
#.#.#


You could see a hobgoblin and a kobold.

Vanquished Creatures
  2 goblins (D:1)
  A kobold (D:1)
3 creatures vanquished.

Notes
Turn   | Place    | Note
-------+----------+-------------------------------------------
     0 | D:1      | Monsterracer the Mummy Berserker began the quest for the Orb.
     0 | D:1      | Reached XP level 1. HP: 18/18 MP: 1/1
   111 | D:1      | HP: 8/18 [kobold/dagger (2)]
   112 | D:1      | HP: 3/18 [hobgoblin (5)]
   112 | D:1      | Slain by a kobold

Action                   || total
-------------------------++-------
Melee: Hand axe          ||    12
Armor: Animal skin       ||     4
Dodge: Dodged            ||     8

Vault maps used:
D:1:      erik_arrival_blinker_ship
